 Dungeon Crawl Stone Soup version 0.21.1-1-g345015f (webtiles) character file.

57 Monsterracer the Ducker (level 3, -5/19 HPs)
             Began as a Spriggan Berserker on May 24, 2018.
             Was a Believer of Trog.
             Killed from afar by a bat (24 damage)
             ... with an exploding inner flame
             ... hexed by the player character
             ... on level 2 of the Dungeon.
             The game lasted 00:01:45 (1443 turns).

Monsterracer the Ducker (Spriggan Berserker)        Turns: 1443, Time: 00:01:46

Health: -5/19      AC:  2    Str: 13    XL:     3   Next: 73%
Magic:  4/4        EV: 20    Int:  8    God:    Trog [**....]
Gold:   102        SH:  0    Dex: 16    Spells: 2/2 levels left

rFire    . . .     SeeInvis +   a - +0 falchion
rCold    . . .     Gourm    .   (shield restricted)
rNeg     . . .     Faith    .   b - +0 animal skin
rPois    .         Spirit   .   (helmet restricted)
rElec    .         Reflect  .   (no cloak)
rCorr    .         Harm     .   (gloves unavailable)
MR       .....                  (boots unavailable)
Stlth    ++........             (no amulet)
HPRegen  0.06/turn              (no ring)
MPRegen  0.09/turn              (no ring)

@: very quick
A: very small, unfitting armour, see invisible, herbivore, speed 3, slow
metabolism 2
a: Berserk, Trog's Hand, Burn Spellbooks, Renounce Religion


You were on level 2 of the Dungeon.
You worshipped Trog.
Trog was pleased with you.
You were not hungry.

You visited 1 branch of the dungeon, and saw 2 of its levels.

You collected 102 gold pieces.

Inventory:

Hand Weapons
 a - a +0 falchion (weapon)
Armour
 b - a +0 animal skin (worn)
Scrolls
 f - a scroll of remove curse
Potions
 d - a potion of lignification {unknown}
 e - a potion of haste
 g - 4 potions of curing
 h - a potion of brilliance {unknown}
 j - a potion of magic {unknown}
Comestibles
 c - 7 rations


   Skills:
 + Level 2.8 Fighting
 * Level 3.1 Long Blades
 + Level 5.0 Dodging
 + Level 2.2 Stealth


You had 2 spell levels left.
You didn't know any spells.

Dungeon Overview and Level Annotations

Branches:
Dungeon (2/15)

Altars:


Innate Abilities, Weirdness & Mutations

You are very small and have problems with some larger weapons.
You are too small for most types of armour.
You have supernaturally acute eyesight. (SInv)
You are a herbivore.
You cover ground extremely quickly.
You need consume almost no food.


Message History

The worm is moderately wounded.
You hit the worm.
The worm is heavily wounded.
The worm barely misses you.
You riposte.
You barely miss the worm.
The worm is heavily wounded.
You hit the worm but do no damage.
The worm is heavily wounded.
The worm completely misses you.
You hit the worm but do no damage.
The worm is heavily wounded.
The worm barely misses you.
You hit the worm.
The worm is heavily wounded.
You barely miss the worm.
The worm is heavily wounded.
The worm completely misses you.
You riposte.
You hit the worm.
The worm is severely wounded.
You barely miss the worm.
The worm is severely wounded.
The worm misses you.
You riposte.
You hit the worm.
The worm is severely wounded.
You slash the worm!
You kill the worm!
Trog accepts your kill.
Things that are here:
a worm corpse; a rat corpse; a worm corpse
Found a scroll of remove curse.
A quokka is nearby!
A quokka is nearby!
You are too injured to fight recklessly!
You are too injured to fight recklessly!
The quokka closely misses you.
You barely miss the quokka. The quokka barely misses you.
You hit the quokka but do no damage. The quokka bites you.
You take 3 damage, and have 10/19 hp.
You hit the quokka.
The quokka is lightly wounded.
The quokka bites you but does no damage.
The quokka misses you.
You riposte.
You slash the quokka!
You kill the quokka!
Trog accepts your kill.
You start resting.
A rat comes into view.
You regained 6 hp, and now have 16/19 hp.
A rat is nearby!
A rat is nearby!
You catch the helpless rat completely off-guard!
You slash the rat!
You kill the rat!
Trog accepts your kill.
No target in view!
No target in view!
HP restored.
Key pressed, stopping explore.
f - a scroll of remove curse Health restored: 19
h - a glowing yellow potion You see here 4 large rocks.
c - 6 rations (gained 1)
Things that are here:
a club; a goblin corpse
Okay, then.
Okay, then.
Found a mace.
A bat comes into view.
Found a potion of curing.
Okay, then.
Found a ration and 16 gold pieces.
Found a stone staircase leading up.
You see here a bubbling coppery potion.
The helpless bat fails to defend itself.
You hit the bat.
You kill the bat!
Trog accepts your kill.
Found a whip.
No target in view!
No target in view!
c - 7 rations (gained 1)
You now have 102 gold pieces (gained 16).
i - a scroll labeled IRAREOFFUX
j - a bubbling coppery potion
g - 4 potions of curing (gained 1)
You see here a mace.
A bat comes into view.
A bat is nearby!
As you read the scroll labeled IRAREOFFUX, it crumbles to dust.
The creatures around you are filled with an inner flame!
It was a scroll of immolation.
The bat barely misses you.
You closely miss the bat. The bat barely misses you. x2
You hit the bat.
The bat is severely wounded.
The bat closely misses you. The bat hits you but does no damage.
The bat hits you but does no damage. The bat barely misses you.
You riposte.
You hit the bat.
The bat explodes!
The fiery explosion engulfs you!
Ouch! That really hurt!
You die...

.......# #.........#
...)#### ##.......##
..#†.######.........#
..##...#............#
#........##.......<.#
##...#..###.........#
.........##....§§§..#
.........###...§§§.##
.........# ##..)@§##
.........## ####.##
..........# #.##
.###......# ####..#
.###.###......###.#
.....# #...#.. $#
.....# #...##. ..
.....# .....# ..#
.....#####...... ...


There were no monsters in sight!

Vanquished Creatures
  2 adders (D:2)
  An ooze (D:1)
  2 worms (D:2)
  2 dart slugs
  A leopard gecko (D:2)
  A giant cockroach (D:1)
  3 goblins
  4 hobgoblins
  A quokka (D:2)
  2 bats
  2 kobolds
  4 rats
25 creatures vanquished.

Notes
Turn   | Place    | Note
-------+----------+-------------------------------------------
     0 | D:1      | Monsterracer the Spriggan Berserker began the quest for the Orb.
     0 | D:1      | Reached XP level 1. HP: 11/11 MP: 2/2
   326 | D:1      | Reached skill level 1 in Stealth
   369 | D:1      | Reached XP level 2. HP: 13/16 MP: 3/3
  1039 | D:2      | Reached XP level 3. HP: 16/19 MP: 4/4
  1182 | D:2      | Reached ** piety under Trog
  1185 | D:2      | Reached skill level 5 in Dodging
  1443 | D:2      | Killed from afar by a bat

Skill      XL: |  1  2  3 |
---------------+----------+-----
Stealth        | 1 2 |  2.2
Long Blades    | 3 |  3.1
Dodging        | 5 |  5.0
Fighting       | |  2.8

Action                   || total
-------------------------++-------
Melee: Falchion          ||    87
  Use: Scroll            ||     9
 Stab: Sleeping          ||     3
       Distracted        ||     1
Armor: Animal skin       ||     8
Dodge: Dodged            ||    76
       Rpst.: Falchion   ||    25

Vault maps used:
D:1:      evilmike_arrival_fibonacci_small, wad_floor_pattern_untrapped,
          minmay_pentomino_x2
D:2:      first_ration
